TOP OF THE 1ST |
Beaverton Bronze Souls batting - Pitching for Scottsdale Scorpions : RHP José Estrada
|
Pitching: RHP José Estrada
|
|
Batting: RHB Armando García
|
0-0: Ball 1-0: Fly out, F7 (Flyball, 7D)
|
Batting: RHB Luis Carranza
|
0-0: SINGLE (Line Drive, 89S)
|
Batting: RHB Steve Smith
|
0-0: Foul Ball, location: 2F 0-1: Grounds into double play, 6-4-3 (Groundball, 6)
|
Top of the 1st over - 0 runs, 1 hit, 0 errors, 0 left on base; Beaverton 0 - Scottsdale 0 |
BOTTOM OF THE 1ST |
Scottsdale Scorpions batting - Pitching for Beaverton Bronze Souls : RHP Juan Martínez
|
Pitching: RHP Juan Martínez
|
|
Batting: SHB Luis López
|
0-0: Foul Ball, location: 2F 0-1: Ball 1-1: Ground out 6-3 (Groundball, 6)
|
Batting: RHB José Martínez
|
0-0: Foul Ball, location: 2F 0-1: Foul Ball, location: 2F 0-2: DOUBLE (Flyball, 78D)
|
Batting: LHB Tony Ayala
|
0-0: Fly out, F7 (Flyball, 7D)
|
Batting: RHB Phil Rowlett
|
0-0: Swinging Strike 0-1: Ball 1-1: Ball 2-1: Called Strike 2-2: Ball 3-2: Foul Ball, location: 2F 3-2: Foul Ball, location: 2F 3-2: Fly out, F7 (Flyball, 78D)
|
Bottom of the 1st over - 0 runs, 1 hit, 0 errors, 1 left on base; Beaverton 0 - Scottsdale 0 |
TOP OF THE 2ND |
Beaverton Bronze Souls batting - Pitching for Scottsdale Scorpions : RHP José Estrada
|
Batting: RHB Marshall Gross
|
0-0: Called Strike 0-1: Ball 1-1: Foul Ball, location: 2F 1-2: Ball 2-2: Fly out, F9 (Flyball, 89M)
|
Batting: RHB Nathan Smith
|
0-0: Called Strike 0-1: SINGLE (Line Drive, 7LS)
|
Batting: SHB León Galló
|
0-0: Ball 1-0: Ball 2-0: Foul Ball, location: 2F 2-1: Ball 3-1: Called Strike 3-2: Strikes out swinging
|
Batting: RHB Bert Larson
|
0-0: Ball 1-0: SINGLE (Line Drive, 34) Nathan Smith to second
|
Batting: RHB Ricardo López
|
0-0: Foul Ball, location: 2F 0-1: Ball 1-1: Called Strike 1-2: Ball 2-2: Foul Ball, location: 2F 2-2: Strikes out swinging
|
Top of the 2nd over - 0 runs, 2 hits, 0 errors, 2 left on base; Beaverton 0 - Scottsdale 0 |
BOTTOM OF THE 2ND |
Scottsdale Scorpions batting - Pitching for Beaverton Bronze Souls : RHP Juan Martínez
|
Batting: RHB Steve Boyer
|
0-0: Ball 1-0: Swinging Strike 1-1: SINGLE (Groundball, 56D)
|
Batting: LHB Ernesto Hernández
|
0-0: Called Strike 0-1: Ball 1-1: Swinging Strike 1-2: Fly out, F8 (Flyball, 8RM)
|
Batting: RHB Rob Johnston
|
0-0: Ball 1-0: Swinging Strike 1-1: Swinging Strike 1-2: Grounds into double play, 6-4-3 (Groundball, 6)
|
Bottom of the 2nd over - 0 runs, 1 hit, 0 errors, 0 left on base; Beaverton 0 - Scottsdale 0 |
TOP OF THE 3RD |
Beaverton Bronze Souls batting - Pitching for Scottsdale Scorpions : RHP José Estrada
|
Batting: SHB Teko de Bruin
|
0-0: Called Strike 0-1: Ball 1-1: SINGLE (Line Drive, 34)
|
Batting: RHB Armando García
|
0-0: Ball 1-0: Fly out, F4 (Popup, 3DF)
|
Batting: RHB Luis Carranza
|
0-0: Called Strike 0-1: Fielders Choice at 2nd, 1-4 (Groundball, 15S)
|
Batting: RHB Steve Smith
|
0-0: Called Strike 0-1: Called Strike 0-2: Ball 1-2: Strikes out looking
|
Top of the 3rd over - 0 runs, 1 hit, 0 errors, 1 left on base; Beaverton 0 - Scottsdale 0 |
BOTTOM OF THE 3RD |
Scottsdale Scorpions batting - Pitching for Beaverton Bronze Souls : RHP Juan Martínez
|
Batting: LHB Ángel De Jesús
|
0-0: Ball 1-0: Ball 2-0: SINGLE (Flyball, 78M)
|
Batting: RHB Miguel Ramos
|
0-0: Ball 1-0: Called Strike 1-1: Swinging Strike 1-2: Foul Ball, location: 2F 1-2: Strikes out swinging
|
Batting: SHB Luis López
|
0-0: Ball 1-0: Called Strike 1-1: Called Strike 1-2: Strikes out swinging
|
Batting: RHB José Martínez
|
0-0: Fly out, F5 (Popup, 6S)
|
Bottom of the 3rd over - 0 runs, 1 hit, 0 errors, 1 left on base; Beaverton 0 - Scottsdale 0 |
TOP OF THE 4TH |
Beaverton Bronze Souls batting - Pitching for Scottsdale Scorpions : RHP José Estrada
|
Batting: RHB Marshall Gross
|
0-0: SINGLE (Groundball, 56D)
|
Batting: RHB Nathan Smith
|
0-0: Ball 1-0: Called Strike 1-1: Ball 2-1: SINGLE (Groundball, 4D) Marshall Gross to second
|
Batting: SHB León Galló
|
0-0: Foul Ball, location: 2F 0-1: Foul Ball, location: 2F 0-2: Ball 1-2: Fly out, F9 (Line Drive, 89M)
|
Batting: RHB Bert Larson
|
0-0: Ball 1-0: Called Strike 1-1: Foul Ball, location: 2F 1-2: Strikes out swinging
|
Batting: RHB Ricardo López
|
0-0: SINGLE (Line Drive, 6M) Marshall Gross to third Nathan Smith to second
|
Batting: SHB Teko de Bruin
|
0-0: Ground out 4-3 (Groundball, 4M)
|
Top of the 4th over - 0 runs, 3 hits, 0 errors, 3 left on base; Beaverton 0 - Scottsdale 0 |
BOTTOM OF THE 4TH |
Scottsdale Scorpions batting - Pitching for Beaverton Bronze Souls : RHP Juan Martínez
|
Batting: LHB Tony Ayala
|
0-0: Ground out U3 (Groundball, 3)
|
Batting: RHB Phil Rowlett
|
0-0: Ball 1-0: Foul Ball, location: 2F 1-1: Foul Ball, location: 2F 1-2: Strikes out swinging
|
Batting: RHB Steve Boyer
|
0-0: Ball 1-0: Called Strike 1-1: Swinging Strike 1-2: Strikes out swinging
|
Bottom of the 4th over - 0 runs, 0 hits, 0 errors, 0 left on base; Beaverton 0 - Scottsdale 0 |
TOP OF THE 5TH |
Beaverton Bronze Souls batting - Pitching for Scottsdale Scorpions : RHP José Estrada
|
Batting: RHB Armando García
|
0-0: Ball 1-0: Ball 2-0: Called Strike 2-1: Fly out, F3 (Popup, 3SF)
|
Batting: RHB Luis Carranza
|
0-0: Called Strike 0-1: Foul Ball, location: 2F 0-2: Ball 1-2: SINGLE (Groundball, 6MD)
|
Batting: RHB Steve Smith
|
0-0: Ball 1-0: SINGLE (Line Drive, 6M) Luis Carranza to second
|
Batting: RHB Marshall Gross
|
0-0: Called Strike 0-1: Fly out, F8 (Flyball, 8RS)
|
Batting: RHB Nathan Smith
|
0-0: Ball 1-0: Ball 2-0: Called Strike 2-1: Swinging Strike 2-2: Ground out U3 (Groundball, 34)
|
Top of the 5th over - 0 runs, 2 hits, 0 errors, 2 left on base; Beaverton 0 - Scottsdale 0 |
BOTTOM OF THE 5TH |
Scottsdale Scorpions batting - Pitching for Beaverton Bronze Souls : RHP Juan Martínez
|
Batting: LHB Ernesto Hernández
|
0-0: Called Strike 0-1: Ground out 4-3 (Groundball, 4MS)
|
Batting: RHB Rob Johnston
|
0-0: Called Strike 0-1: Ground out 4-3 (Groundball, 4)
|
Batting: LHB Ángel De Jesús
|
0-0: Ball 1-0: Swinging Strike 1-1: Swinging Strike 1-2: Fly out, F8 (Flyball, 8RD)
|
Bottom of the 5th over - 0 runs, 0 hits, 0 errors, 0 left on base; Beaverton 0 - Scottsdale 0 |
TOP OF THE 6TH |
Beaverton Bronze Souls batting - Pitching for Scottsdale Scorpions : RHP José Estrada
|
Batting: SHB León Galló
|
0-0: Called Strike 0-1: Ball 1-1: Swinging Strike 1-2: Strikes out swinging
|
Batting: RHB Bert Larson
|
0-0: Fly out, F9 (Flyball, 9LSF)
|
Batting: RHB Ricardo López
|
0-0: Ball 1-0: SINGLE (Flyball, 9S)
|
Batting: SHB Teko de Bruin
|
0-0: Called Strike 0-1: Fly out, F9 (Flyball, 89M)
|
Top of the 6th over - 0 runs, 1 hit, 0 errors, 1 left on base; Beaverton 0 - Scottsdale 0 |
BOTTOM OF THE 6TH |
Scottsdale Scorpions batting - Pitching for Beaverton Bronze Souls : RHP Juan Martínez
|
Batting: RHB Miguel Ramos
|
0-0: SINGLE (Groundball, 2L) (infield hit)
|
Batting: SHB Luis López
|
0-0: Ball 1-0: Ball 2-0: Called Strike 2-1: Ball 3-1: SINGLE (Line Drive, 4D) Miguel Ramos to second
|
Batting: RHB José Martínez
|
0-0: Ball 1-0: Called Strike 1-1: SINGLE (Groundball, 6S) (infield hit) Miguel Ramos to third Luis López to second
|
Batting: LHB Tony Ayala
|
0-0: Called Strike 0-1: Called Strike 0-2: Ball 1-2: Ball 2-2: Ball 3-2: Base on Balls Miguel Ramos scores Luis López to third José Martínez to second
|
Batting: RHB Phil Rowlett
|
0-0: Foul Ball, location: 2F 0-1: Ball 1-1: Ball 2-1: SINGLE (Line Drive, 6M) Luis López scores José Martínez to third Tony Ayala to second
|
Batting: RHB Steve Boyer
|
0-0: Called Strike 0-1: SINGLE (Line Drive, 6) José Martínez scores Tony Ayala to third Phil Rowlett to second Runner from 3rd tries for Home, SAFE, no throw
|
Batting: LHB Ernesto Hernández
|
0-0: Called Strike 0-1: Foul Ball, location: 2F 0-2: Fly out, F7 (Flyball, 78S)
|
Batting: RHB Rob Johnston
|
0-0: Grounds into double play, 4-6-3 (Groundball, 4)
|
Bottom of the 6th over - 4 runs, 5 hits, 0 errors, 1 left on base; Beaverton 0 - Scottsdale 4 |
TOP OF THE 7TH |
Beaverton Bronze Souls batting - Pitching for Scottsdale Scorpions : RHP José Estrada
|
Batting: RHB Armando García
|
0-0: Fly out, F7 (Flyball, 7D)
|
Batting: RHB Luis Carranza
|
0-0: Ball 1-0: Called Strike 1-1: Fly out, F9 (Flyball, 89S)
|
Batting: RHB Steve Smith
|
0-0: Called Strike 0-1: Ground out 6-3 (Groundball, 6)
|
Top of the 7th over - 0 runs, 0 hits, 0 errors, 0 left on base; Beaverton 0 - Scottsdale 4 |
BOTTOM OF THE 7TH |
Scottsdale Scorpions batting - Pitching for Beaverton Bronze Souls : RHP Juan Martínez
|
Pitching: RHP Vicente Guillén
|
|
Batting: LHB Ángel De Jesús
|
0-0: Called Strike 0-1: Ball 1-1: Called Strike 1-2: Strikes out swinging
|
Batting: RHB Miguel Ramos
|
0-0: Foul Ball, location: 2F 0-1: Ground out 5-3 (Groundball, 56S)
|
Batting: SHB Luis López
|
0-0: Called Strike 0-1: Ball 1-1: Called Strike 1-2: Ball 2-2: Ball 3-2: Strikes out swinging
|
Bottom of the 7th over - 0 runs, 0 hits, 0 errors, 0 left on base; Beaverton 0 - Scottsdale 4 |
TOP OF THE 8TH |
Beaverton Bronze Souls batting - Pitching for Scottsdale Scorpions : RHP José Estrada
|
Batting: RHB Marshall Gross
|
0-0: Foul Ball, location: 2F 0-1: Foul Ball, location: 2F 0-2: Strikes out looking
|
Batting: RHB Nathan Smith
|
0-0: Ball 1-0: Called Strike 1-1: SINGLE (Line Drive, 5D)
|
Batting: SHB León Galló
|
0-0: SINGLE (Line Drive, 4M) Nathan Smith to second
|
Batting: RHB Bert Larson
|
0-0: Fly out, F7 (Flyball, 78S)
|
Batting: RHB Ricardo López
|
0-0: Called Strike 0-1: Ball 1-1: Ball 2-1: Ball 3-1: Foul Ball, location: 2F 3-2: Ground out 4-3 (Groundball, 4)
|
Top of the 8th over - 0 runs, 2 hits, 0 errors, 2 left on base; Beaverton 0 - Scottsdale 4 |
BOTTOM OF THE 8TH |
Scottsdale Scorpions batting - Pitching for Beaverton Bronze Souls : RHP Vicente Guillén
|
Batting: RHB José Martínez
|
0-0: Ball 1-0: Ball 2-0: Ball 3-0: Base on Balls
|
Batting: LHB Tony Ayala
|
0-0: Called Strike José Martínez is caught stealing 2nd base 0-1: Ball 1-1: Called Strike 1-2: Ball 2-2: Ball 3-2: Foul Ball, location: 2F 3-2: Foul Ball, location: 2F 3-2: Strikes out swinging
|
Batting: RHB Phil Rowlett
|
0-0: Ball 1-0: Foul Ball, location: 2F 1-1: Ball 2-1: Ball 3-1: Base on Balls
|
Batting: RHB Steve Boyer
|
0-0: Ball 1-0: Called Strike 1-1: Ball 2-1: 2-RUN HOME RUN (Flyball, 7D), Distance : 344 ft
|
Batting: LHB Ernesto Hernández
|
0-0: Ball 1-0: Hit by Pitch
|
Batting: RHB Rob Johnston
|
0-0: Ball 1-0: Called Strike 1-1: Ball 2-1: Foul Ball, location: 2F 2-2: Ball 3-2: Strikes out swinging
|
Bottom of the 8th over - 2 runs, 1 hit, 0 errors, 1 left on base; Beaverton 0 - Scottsdale 6 |
TOP OF THE 9TH |
Beaverton Bronze Souls batting - Pitching for Scottsdale Scorpions : RHP José Estrada
|
Pitching: RHP José Alvarado
|
|
Now at C: Jeff McQueen
|
|
Now at 3B: Ronald Smith
|
|
Batting: SHB Teko de Bruin
|
0-0: Ball 1-0: Ball 2-0: Ball 3-0: Called Strike 3-1: Swinging Strike 3-2: Strikes out looking
|
Batting: RHB Armando García
|
0-0: Swinging Strike 0-1: Foul Ball, location: 2F 0-2: Strikes out looking
|
Batting: RHB Luis Carranza
|
0-0: Called Strike 0-1: Swinging Strike 0-2: Ball 1-2: Ball 2-2: Strikes out looking
|
Top of the 9th over - 0 runs, 0 hits, 0 errors, 0 left on base; Beaverton 0 - Scottsdale 6 |
|